 Dungeon Crawl Stone Soup version 0.29.1-2-gbd0b4ee654 (webtiles) character file.

Game seed: 9138909492377381644

331 GorkyZ the Trooper (level 6, -1/48 HPs)
             Began as a Demonspawn Fighter on Nov 22, 2022.
             Killed from afar by Ijyb (24 damage)
             ... with a bolt of acid
             ... on level 3 of the Dungeon.
             The game lasted 00:09:01 (2818 turns).

GorkyZ the Trooper (Demonspawn Fighter)             Turns: 2818, Time: 00:09:02

Health: -1/48      AC:  1    Str: 18    XL:     6   Next: 26%
Magic:  6/6        EV:  9    Int: 10    God:
Gold:   77         SH:  4    Dex: 12    Spells: 5/5 levels left

rFire   . . .      SeeInvis .   a - +0 war axe
rCold   . . .      Faith    .   c - +0 buckler
rNeg    + . .      Spirit   .   b - +0 scale mail
rPois   .          Reflect  .   (no helmet)
rElec   .          Harm     .   (no cloak)
rCorr   .          Rampage  .   (no gloves)
Will    .....                   (no boots)
Stlth   ..........              (no amulet)
HPRegen 0.16/turn               p - ring of positive energy
MPRegen 0.10/turn               (no ring)

@: corroded, sanguine armoured
A: hooves 2, sanguine armour 1, deformed body
a: no special abilities


You were on level 3 of the Dungeon.
You visited 1 branch of the dungeon, and saw 3 of its levels.

You collected 101 gold pieces.
You spent 24 gold pieces at shops.

Inventory:

Hand Weapons
 a - a +0 war axe (weapon)
 r - the +7 dagger "Waesucam" {vorpal, Contam rPois MP+9 Stlth+}
   (You found it on level 2 of the Dungeon)

   It inflicts extra damage upon your enemies.
   rPois:     It protects you from poison.
   MP:        It affects your magic capacity (+9).
   Contam:    It causes magical contamination when unequipped.
   Stlth:     It makes you more stealthy.
Missiles
 o - 3 poisoned darts (quivered)
Armour
 b - a +0 scale mail (worn)
 c - a +0 buckler (worn)
 m - a +2 pair of boots
Jewellery
 p - a ring of positive energy (left hand)
Wands
 k - a wand of digging (6)
Scrolls
 g - 4 scrolls of enchant armour {unknown}
 h - a scroll of vulnerability {unknown}
 i - a scroll of immolation {unknown}
 j - 2 scrolls of identify
 l - a scroll of torment {unknown}
 q - 2 scrolls of fear {unknown}
 s - a scroll of amnesia {unknown}
 v - a scroll of blinking {unknown}
Potions
 d - a potion of might
 e - a potion of heal wounds
 f - a potion of haste {unknown}
 n - 2 potions of magic
 t - a potion of cancellation {unknown}
 u - a potion of brilliance {unknown}


   Skills:
 + Level 3.8 Fighting
 + Level 2.7 Axes
 + Level 1.9 Throwing
 + Level 3.4 Armour
 + Level 2.0 Dodging
 + Level 3.3 Shields
 + Level 2.1 Evocations


You had 5 spell levels left.
You didn't know any spells.
Your spell library was empty.

Dungeon Overview and Level Annotations

Branches:
Dungeon (3/15)

Altars:

Shops:
D:2 ?*=*[

Annotations:
D:3 2 transporters, Ijyb; glosham's ghost, amateur OgAr


Innate Abilities, Weirdness & Mutations

You have hoof-like feet.
When seriously injured, your blood forms armour. (AC +6)
Armour fits poorly on your strangely shaped body.


Message History

You throw a poisoned dart. The poisoned dart barely misses Ijyb.
Throw: 7 darts (poison)
Press: ? - help, Q - select action Shift-Dir - straight line, f/p - Ijyb
Aim: Ijyb, wielding a +0 club, wearing a +0 scale mail and carrying a wand of acid (3) (53% to hit)
You throw a poisoned dart. The poisoned dart barely misses Ijyb.
Throw: 6 darts (poison)
Press: ? - help, Q - select action Shift-Dir - straight line, f/p - Ijyb
Aim: Ijyb, wielding a +0 club, wearing a +0 scale mail and carrying a wand of acid (3) (53% to hit)
You throw a poisoned dart. The poisoned dart hits Ijyb.
Ijyb is poisoned.
Throw: 5 darts (poison)
Press: ? - help, Q - select action Shift-Dir - straight line, f/p - Ijyb
Aim: Ijyb, wielding a +0 club, wearing a +0 scale mail and carrying a wand of acid (3) (poisoned, 53% to hit)
You throw a poisoned dart. The poisoned dart closely misses Ijyb.
Throw: 4 darts (poison)
Press: ? - help, Q - select action Shift-Dir - straight line, f/p - Ijyb
Aim: Ijyb, wielding a +0 club, wearing a +0 scale mail and carrying a wand of acid (3) (lightly wounded, poisoned, 53% to hit)
You throw a poisoned dart. The poisoned dart hits Ijyb.
Ijyb looks even sicker.
Ijyb is lightly wounded.
You closely miss Ijyb. Your kick misses Ijyb.
Ijyb is lightly wounded.
You block Ijyb's attack. Ijyb hits you with a +0 club.
You hit Ijyb. Your kick misses Ijyb.
Ijyb is moderately wounded.
Ijyb hits you with a +0 club.
You hit Ijyb but do no damage.
Ijyb is moderately wounded.
Ijyb zaps a wand.
The bolt of acid hits you. The acid corrodes you!
You closely miss Ijyb.
Ijyb is moderately wounded.
Ijyb hits you with a +0 club.
Your blood congeals into armour.
Ijyb screams, "Me very upset!"
Ijyb zaps a wand.
The bolt of acid hits you! The acid corrodes you!
You barely miss Ijyb. Your kick misses Ijyb.
Ijyb is heavily wounded.
Ijyb closely misses you.
You closely miss Ijyb. You kick Ijyb, but do no damage.
Ijyb is heavily wounded.
Ijyb zaps a wand.
The bolt of acid hits you!!
Ouch! That really hurt!
You die...

########†.###
..#...[.....#
...........#
#.........#
#.........#
#.........#
#.........#
#####.........#
#.
......g@......#
..
..##.(........#
..
!..((.........#
#
(.###.........#
. ###########
.. .. ..


You could see Ijyb (poisoned).

Vanquished Creatures
  Grinder (D:3)
  Jessica (D:2)
  An adder (D:3)
  3 gnolls (D:2)
  2 worms (D:2)
  5 ball pythons
  2 bats (D:1)
  8 endoplasms
  3 giant cockroaches
  12 goblins
  5 hobgoblins
  4 jackals (D:1)
  2 quokkas (D:1)
  2 frilled lizards (D:1)
  A kobold (D:1)
  2 rats (D:2)
  A bush (D:3)
55 creatures vanquished.

Notes
Turn   | Place    | Note
-------+----------+-------------------------------------------
     0 | D:1      | GorkyZ the Demonspawn Fighter began the quest for the Orb.
     0 | D:1      | Reached XP level 1. HP: 18/18 MP: 1/1
    49 | D:1      | Gained mutation: You have large cloven feet. [demonic
                  | ancestry]
    49 | D:1      | Reached XP level 2. HP: 24/24 MP: 2/2
   441 | D:1      | Found a faded altar of an unknown god.
   497 | D:1      | Gained mutation: When seriously injured, your blood forms
                  | armour. (AC +6) [demonic ancestry]
   497 | D:1      | Reached XP level 3. HP: 25/29 MP: 3/3
  1044 | D:2      | Found Awasutul's Jewellery Boutique.
  1103 | D:2      | Noticed Jessica
  1108 | D:2      | Killed Jessica
  1109 | D:2      | Reached skill level 1 in Throwing
  1109 | D:2      | Reached skill level 1 in Dodging
  1109 | D:2      | Reached skill level 1 in Evocations
  1109 | D:2      | Gained mutation: You have hoof-like feet. [demonic
                  | ancestry]
  1109 | D:2      | Reached XP level 4. HP: 29/35 MP: 4/4
  1171 | D:2      | Found Ugoclish's Magic Scroll Boutique.
  1176 | D:2      | Bought a scroll of identify for 24 gold pieces
  1246 | D:2      | Found Caocsak's Assorted Antiques.
  1334 | D:2      | Found Neegahom's Assorted Antiques.
  1678 | D:2      | Found Atsek's Armour Boutique.
  1876 | D:2      | Identified the +7 dagger "Waesucam" {vorpal, Contam rPois
                  | MP+9 Stlth+}
  2055 | D:3      | Gained mutation: Armour fits poorly on your strangely
                  | shaped body. [potion of mutation]
  2115 | D:3      | Found a transporter.
  2128 | D:3      | Found a transporter.
  2157 | D:3      | Noticed glosham's ghost (amateur OgAr)
  2392 | D:3      | Noticed Grinder
  2402 | D:3      | Paralysed by Grinder for 2 turns
  2417 | D:3      | Killed Grinder
  2418 | D:3      | Reached XP level 5. HP: 3/42 MP: 5/5
  2418 | D:3      | Reached XP level 6. HP: 3/48 MP: 6/6
  2806 | D:3      | Noticed Ijyb
  2818 | D:3      | Killed from afar by Ijyb

Illustrated notes

Levels and vault maps discovered:
D:1:      dpeg_arrival_arbitrary_b, layout_basic,
          shapermc_ecumenical_altar_ellora, solitary_fountain, st_stairs_9
D:2:      layout_basic, serial_shops, nicolae_shop_behind_doors, shop, shop,
          nicolae_shop_competitors_out_of_business, shop, uniq_jessica
D:3:      layout_basic, serial_forest, infiniplex_forest_end_3,
          infiniplex_forest_lined_2, infiniplex_forest_corner_1,
          infiniplex_forest_corner_2, gammafunk_ghost_stat_death,
          bh_walls_and_bars, uniq_ijyb, uniq_grinder, uniq_sigmund

Skill      XL: |  1  2  3  4 |
---------------+-------------+-----
Axes           | 2 |  2.7
Throwing       | 1 |  1.9
Dodging        | 1 2 |  2.0
Shields        | 3 |  3.3
Evocations     | 1 2 |  2.1
Armour         | 3 |  3.4
Fighting       | |  3.8

Action                   |  1- 3 |  4- 6 || total
-------------------------+-------+-------++-------
Melee: War axe           |    81 |   106 ||   187
       Kick              |     7 |    48 ||    55
Throw: Dart              |       |    16 ||    16
  Use: Scroll            |       |     4 ||     4
       Potion            |       |     1 ||     1
Armor: Scale mail        |    44 |    11 ||    55
Dodge: Dodged            |    41 |    19 ||    60
Block: Buckler           |    22 |     5 ||    27
